 Dungeon Crawl Stone Soup version 0.30.1-11-g7821555f0a (webtiles) character file.

Game seed: 10138615539943750439

421 Gumption the Chopper (level 6, -1/56 HPs)
             Began as a Minotaur Berserker on Nov 3, 2023.
             Was a Priest of Trog.
             Slain by Eustachio
             ... wielding a +4 rapier of venom
              (6 damage)
             ... on level 4 of the Dungeon on Nov 4, 2023.
             The game lasted 00:20:09 (3113 turns).

Gumption the Chopper (Minotaur Berserker)           Turns: 3113, Time: 00:20:13

Health: -1/56      AC: 13    Str: 23    XL:     6   Next: 62%
Magic:  5/5        EV:  9    Int:  4    God:    Trog [***...]
Gold:   65         SH:  0    Dex: 10    Spells: 5/5 levels left

rFire   . . .        a - +0 hand axe
rCold   . . .        (no shield)
rNeg    . . .        q - +3 chain mail
rPois   .            (helmet restricted)
rElec   .            (no cloak)
rCorr   .            k - +0 pair of gloves
SInv    .            (no boots)
Will    .....        (no amulet) Stlth
                     (no ring)
HPRegen 0.29/turn    (no ring)
MPRegen 0.09/turn

%: no passive effects
@: lethally poisoned (-1 -> -9), on berserk cooldown, slowed, very slow
A: horns 2, retaliatory headbutt
a: Renounce Religion, Berserk, Trog's Hand


You were on level 4 of the Dungeon.
You worshipped Trog.
Trog was most pleased with you.
You visited 1 branch of the dungeon, and saw 4 of its levels.

You collected 156 gold pieces.
You spent 91 gold pieces at shops.

Inventory:

Hand Weapons
 a - a +0 hand axe (weapon)
 b - a +1 sling of draining
Missiles
 e - 31 stones
 j - 4 silver boomerangs (quivered)
Armour
 k - a +0 pair of gloves (worn)
 q - a +3 chain mail (worn)
Wands
 o - a wand of roots (5)
Scrolls
 c - 5 scrolls of identify {unknown}
 d - a scroll of vulnerability {unknown}
 g - a scroll of immolation {unknown}
 h - a scroll of silence {unknown}
Potions
 f - a potion of might {unknown}
 i - a potion of flight {unknown}
 n - a potion of lignification {unknown}
 p - a potion of invisibility {unknown}


   Skills:
 + Level 5.5 Fighting
 * Level 6.9 Axes
 + Level 4.6 Armour
 - Level 2.1 Dodging


You had 5 spell levels left.
You didn't know any spells.
Your spell library was empty.

Dungeon Overview and Level Annotations

Branches:
Dungeon (4/15)
 Temple: D:4-7

Altars:
Nemelex Xobeh
Trog
Wu Jian

Shops:
D:1 !

Annotations:
D:4 Eustachio


Innate Abilities, Weirdness & Mutations

You have a pair of horns on your head.
You reflexively headbutt those who attack you in melee.


Message History

Eustachio casts a spell.
You hit Eustachio but do no damage. You headbutt Eustachio.
Eustachio is lightly wounded.
You feel very sick.
Eustachio hits you with a +4 rapier of venom.
You are more poisoned.
You barely miss Eustachio.
Eustachio is lightly wounded.
* * * LOW HITPOINT WARNING * * *
You feel very sick. Eustachio hits you but does no damage.
You are lethally poisoned!
Eustachio hits you but does no damage.
You are more poisoned.
You feel better. Eustachio hits you but does no damage.
You are poisoned.
You slash Eustachio! Your headbutt misses Eustachio.
Eustachio is heavily wounded.
You feel very sick. Eustachio barely misses you.
Eustachio hits you with a +4 rapier of venom.
You are more poisoned.
You hit Eustachio.
Eustachio is heavily wounded.
* * * LOW HITPOINT WARNING * * *
You feel very sick.
Eustachio hits you with a +4 rapier of venom!
* * * LOW HITPOINT WARNING * * *
You feel better.
Eustachio hits you with a +4 rapier of venom.
* * * LOW HITPOINT WARNING * * *
You are lethally poisoned!
Eustachio gestures wildly while chanting.
You closely miss Eustachio.
Eustachio is heavily wounded.
You hit the iron imp.
* * * LOW HITPOINT WARNING * * *
You feel very sick.
Eustachio hits you with a +4 rapier of venom.
You die...

#######.# #.# ##### ##### #.#
######## ....# #...#### #.#
#......# ....# #......# #.#
#......# ....# #......#
###.####......# ....### #......#
#.............##
......###....5r###...............
......##.....rJ@@#.............#.
......##)##..rb#.5...#...........
.........##...###...###.##.##....
.###J###.##....#.....#...........
.....#⌠#.........................
.##..###........................#
. #...@..........................
#...#........#.....#..........
#...#.......###...###.........


You could see Eustachio, an iron imp (summoned), a river rat (summoned), a
shadow imp (summoned), an endoplasm, a bat (summoned) and 2 rats.

Vanquished Creatures
  Edmund (D:4)
  A howler monkey (D:4)
  An orc priest (D:4)
  An iguana (D:4)
  An orc wizard (D:4)
  Robin (D:2)
  5 adders
  A gnoll (D:1)
  An ufetubus (D:4)
  2 worms (D:2)
  4 dart slugs
  9 orcs
  7 ball pythons
  7 endoplasms
  3 giant cockroaches
  14 goblins
  9 hobgoblins
  6 jackals (D:1)
  5 kobolds
  A quokka (D:2)
  2 bats
  4 frilled lizards
  5 rats
91 creatures vanquished.

Notes
Turn   | Place    | Note
-------+----------+-------------------------------------------
     0 | D:1      | Gumption the Minotaur Berserker began the quest for the
                  | Orb.
     0 | D:1      | Reached XP level 1. HP: 19/19 MP: 0/0
   130 | D:1      | Reached skill level 4 in Axes
   140 | D:1      | Reached XP level 2. HP: 27/27 MP: 1/1
   273 | D:1      | Reached XP level 3. HP: 10/33 MP: 2/2
   425 | D:1      | Reached ** piety under Trog
   647 | D:1      | Found Raojoys's Distillery.
  1058 | D:2      | Noticed Robin
  1073 | D:2      | Killed Robin
  1074 | D:2      | Reached XP level 4. HP: 23/41 MP: 3/3
  1076 | D:2      | Reached skill level 5 in Axes
  1798 | D:1      | Bought 2 potions of curing for 78 gold pieces
  1811 | D:1      | Bought a potion of degeneration for 13 gold pieces
  1942 | D:3      | Found a sparkling altar of Nemelex Xobeh.
  2096 | D:3      | Reached *** piety under Trog
  2144 | D:3      | Reached XP level 5. HP: 47/47 MP: 4/4
  2297 | D:3      | Found a bloodstained altar of Trog.
  2656 | D:4      | Found an ornate altar of the Wu Jian Council.
  2814 | D:4      | Reached skill level 5 in Fighting
  2814 | D:4      | Reached skill level 6 in Axes
  3038 | D:4      | Reached XP level 6. HP: 56/56 MP: 5/5
  3065 | D:4      | Noticed Edmund
  3086 | D:4      | Killed Edmund
  3089 | D:4      | Noticed Eustachio
  3111 | D:4      | HP: 2/56 [Eustachio/+4 rapier of venom (10)]
  3113 | D:4      | Slain by Eustachio

Illustrated notes

Levels and vault maps discovered:
D:1:      dpeg_arrival_line_fractal, layout_basic, serial_shops,
          nicolae_shop_competitors_out_of_business
D:2:      layout_loops_ring, corexii_item_surrounded_by_moat,
          roderic_serpentine_path, uniq_robin
D:3:      layout_basic, trog_book, nemelex_altar_shiori
D:4:      layout_basic, nicolae_ru_path_of_blood, kennysheep_mini, serial_glass,
          glass_columns_b, glass_columns_a, feat_on_display,
          minmay_strange_pillars, minmay_strange_pillars, item_on_display_a,
          uniq_pikel, uniq_edmund, uniq_eustachio

Skill      XL: |  1  2  3  4  5 |
---------------+----------------+-----
Axes           | 4 5 6 |  6.9
Fighting       | 4 5 |  5.5
Armour         | 3 4 |  4.6
Dodging        | |  2.1

Action                     |  1- 3 |  4- 6 || total
---------------------------+-------+-------++-------
  Melee: Hand axe          |    84 |   124 ||   208
         Headbutt          |    13 |    15 ||    28
         Punch             |     1 |       ||     1
  Throw: Boomerang         |       |    16 ||    16
 Invoke: Berserk           |     1 |     1 ||     2
         Trog's Hand       |     1 |     2 ||     3
    Use: Potion            |       |     3 ||     3
 Armour: Animal skin       |     8 |       ||     8
         Scale mail        |       |    23 ||    23
         Ring mail         |       |     4 ||     4
         Chain mail        |       |    17 ||    17
  Dodge: Dodged            |    46 |    55 ||   101
